 Dungeon Crawl Stone Soup version 0.24.0-123-gd5b16e6ec5 (webtiles) character file.

Game seed: 13535014393032487946, levelgen mode: deterministic

1416 Goreval the Carver (level 8, 0/65 HPs)
             Began as a Barachi Berserker on Feb 4, 2020.
             Was a Believer of Trog.
             Slain by a hippogriff (8 damage)
             ... on level 7 of the Dungeon.
             The game lasted 00:12:47 (8573 turns).

Goreval the Carver (Barachi Berserker)              Turns: 8573, Time: 00:12:48

Health: 0/65       AC: 15    Str: 20    XL:     8   Next: 71%
Magic:  8/8        EV:  8    Int:  7    God:    Trog [**....]
Gold:   93         SH:  0    Dex: 11    Spells: 7/7 levels left

rFire    . . .     SeeInvis .   t - +0 scimitar
rCold    . . .     Gourm    .   (no shield)
rNeg     + . .     Faith    .   o - +0 plate armour
rPois    .         Spirit   .   k - +0 helmet of Ecsablimm {rN+ MR++ Dex-2}
rElec    .         Reflect  .   (no cloak)
rCorr    .         Harm     .   s - +0 pair of gloves
MR       ++++.                  (no boots)
Stlth    ..........             (no amulet)
HPRegen  1.20/turn              (no ring)
MPRegen  0.11/turn              (no ring)

@: can't hop, berserk cooldown, regenerating, slow
A: +LOS, swims, slowness 1, strong legs 1
a: Hop, Berserk, Trog's Hand, Renounce Religion


You were on level 7 of the Dungeon.
You worshipped Trog.
Trog was pleased with you.
You were near starving.

You visited 1 branch of the dungeon, and saw 7 of its levels.

You collected 377 gold pieces.
You spent 284 gold pieces at shops.

Inventory:

Hand Weapons
 t - a +0 scimitar (weapon)
Missiles
 d - 243 stones (quivered)
Armour
 k - the +0 helmet of Ecsablimm (worn) {rN+ MR++ Dex-2}
   (You bought it in a shop on level 5 of the Dungeon)

   It affects your dexterity (-2).
   It protects you from negative energy.
   It affects your resistance to hostile enchantments.
 o - a +0 plate armour (worn)
 s - a +0 pair of gloves (worn)
 u - a cursed +0 helmet
Wands
 f - a wand of random effects (24)
Scrolls
 a - a scroll of fog {unknown}
 e - 4 scrolls of enchant armour
 n - a scroll of remove curse
 p - 2 scrolls of magic mapping {unknown}
Potions
 b - 2 potions of might {unknown}
 g - a potion of cancellation {unknown}
 h - a potion of lignification {unknown}
 i - a potion of agility {unknown}
 j - 4 potions of resistance {unknown}
 m - 3 potions of curing
 q - a potion of brilliance
 r - 2 potions of degeneration {unknown}
Comestibles
 c - 8 rations


   Skills:
 + Level 6.6 Fighting
 * Level 8.7 Long Blades
 + Level 6.0 Armour
 + Level 5.5 Dodging


You had 7 spell levels left.
You didn't know any spells.
Your spell library was empty.

Dungeon Overview and Level Annotations

Branches:
Dungeon (7/15)             Temple (0/1) D:4

Altars:
Trog
Uskayaw
Vehumet
Xom
Zin
The Shining One

Shops:
D:5 *

Annotations:
D:5 Prince Ribbit


Innate Abilities, Weirdness & Mutations

Shadows flee at your approach. (+LOS)
You can swim through water.
You cover ground slowly.
You can hop short distances.


Message History

You slice the hippogriff!!
You feel yourself speed up.
The hippogriff barely misses you. x2; The hippogriff claws you.
* * * LOW HITPOINT WARNING * * *
You hit the hippogriff but do no damage.
You feel the effects of Trog's Hand fading.
The hippogriff closely misses you. The hippogriff barely misses you.
The hippogriff claws you.
* * * LOW HITPOINT WARNING * * *
You hit the hippogriff but do no damage.
The hippogriff bites you.
* * * LOW HITPOINT WARNING * * *
The hippogriff pecks you but does no damage.
The hippogriff barely misses you.
You completely miss the hippogriff.
The hippogriff bites you but does no damage.
The hippogriff pecks you but does no damage.
The hippogriff barely misses you.
You barely miss the hippogriff. The hippogriff bites you!
You die...

.# #.# .. .. .
#########>###..
#.............$
#...........#
#....!.....#
#.....@....#
#.....H....#
#..........#
#..........#
............#
.............#
.#.###########
##


You could see a hippogriff.

Vanquished Creatures
  A hungry ghost (D:7)
  2 phantoms (D:4)
  2 ogres
  A centaur (D:5)
  A bullfrog (D:7)
  2 scorpions (D:5)
  2 crimson imps (D:5)
  2 bullfrog zombies
  A hound (D:5)
  An orc priest (D:2)
  2 bullfrog skeletons (D:4)
  An iguana (D:5)
  2 centaur skeletons
  2 orc wizards
  3 worker ants
  2 hound skeletons
  4 gnolls (D:5)
  2 howler monkey skeletons
  6 adders
  A shadow imp (D:5)
  An ooze (D:2)
  An adder skeleton (D:4)
  A worm (D:1)
  2 dart slugs
  6 leopard geckos
  6 orcs
  2 ball pythons
  3 giant cockroaches
  8 goblins
  4 hobgoblins
  4 jackals
  3 quokkas
  5 bats
  2 frilled lizards
  6 kobolds
  A leopard gecko skeleton (D:4)
  9 rats
104 creatures vanquished.

Vanquished Creatures (others)
  An orc wizard (D:5)
1 creature vanquished.

Grand Total: 105 creatures vanquished

Notes
Turn   | Place    | Note
-------+----------+-------------------------------------------
     0 | D:1      | Goreval the Barachi Berserker began the quest for the Orb.
     0 | D:1      | Reached XP level 1. HP: 18/18 MP: 1/1
   600 | D:1      | Reached XP level 2. HP: 23/25 MP: 2/2
   606 | D:1      | Reached skill level 4 in Long Blades
  1475 | D:2      | Reached XP level 3. HP: 17/30 MP: 3/3
  2092 | D:2      | Reached XP level 4. HP: 22/37 MP: 4/4
  2501 | D:2      | HP: 2/55 [something (2)]
  2503 | D:2      | Reached skill level 5 in Long Blades
  2503 | D:2      | Reached XP level 5. HP: 1/43 MP: 5/5
  2923 | D:2      | Reached ** piety under Trog
  3322 | D:3      | Found a radiant altar of Vehumet.
  4067 | D:4      | Found a staircase to the Ecumenical Temple.
  4067 | D:4      | Noticed an ogre
  4196 | D:4      | Killed an ogre
  4196 | D:4      | Reached XP level 6. HP: 50/50 MP: 6/6
  4267 | D:4      | Reached skill level 6 in Long Blades
  4605 | D:4      | Reached skill level 5 in Fighting
  4918 | D:4      | Found a hide-covered altar of Uskayaw.
  4918 | D:4      | Found a shimmering altar of Xom.
  5027 | D:4      | Noticed a phantom
  5033 | D:4      | Noticed a phantom
  5101 | D:4      | Killed a phantom
  5101 | D:4      | Reached XP level 7. HP: 50/56 MP: 7/7
  5307 | D:5      | Entered Level 5 of the Dungeon
  5365 | D:5      | Reached skill level 7 in Long Blades
  5440 | D:5      | Found a glowing golden altar of the Shining One.
  5636 | D:5      | Reached skill level 5 in Armour
  6071 | D:5      | Reached XP level 8. HP: 64/64 MP: 8/8
  6359 | D:5      | Reached skill level 5 in Dodging
  6426 | D:5      | Found Anielinn's General Store.
  6435 | D:5      | Bought the +0 helmet of Ecsablimm {rN+ MR++ Dex-2} for 199
                  | gold pieces
  6435 | D:5      | Bought a +0 pair of gloves for 45 gold pieces
  6435 | D:5      | Bought a +0 scimitar for 40 gold pieces
  6565 | D:5      | Reached skill level 8 in Long Blades
  6789 | D:5      | Reached *** piety under Trog
  6917 | D:5      | Noticed Prince Ribbit
  7873 | D:5      | Found Anielinn's General Store.
  7974 | D:5      | Found a glowing golden altar of the Shining One.
  8156 | D:6      | Found a bloodstained altar of Trog.
  8244 | D:6      | Found a glowing silver altar of Zin.
  8564 | D:7      | Noticed a hippogriff
  8573 | D:7      | Slain by a hippogriff

Levels and vault maps discovered:
D:1:      dpeg_arrival_brainrot, layout_basic, chequers_serial_rivers_small_3,
          hex_intersection
D:2:      cheibrodos_pilgrimage, layout_basic
D:3:      layout_basic, vehumet_crystals
D:4:      layout_rooms, gammafunk_temple_overflow_statue,
          minmay_temple_entry_glass, first_ration
D:5:      layout_basic, nicolae_overflow_hidden_temple, serial_shops, shop,
          uniq_prince_ribbit1
D:6:      layout_loops_ring, nicolae_overflow_crystal_walls, basic_altar
D:7:      layout_rooms, uniq_crazy_yiuf_cottage

Skill      XL: |  1  2  3  4  5  6  7  8 |
---------------+-------------------------+-----
Long Blades    | 4 5 6 7 8 |  8.7
Fighting       | 4 5 6 |  6.6
Armour         | 3 4 5 6 |  6.0
Dodging        | 3 4 5 |  5.5

Action                   |  1- 3 |  4- 6 |  7- 9 || total
-------------------------+-------+-------+-------++-------
Melee: Falchion          |   100 |   161 |   193 ||   454
       Scimitar          |       |       |    60 ||    60
Throw: Stone             |    27 |    34 |    11 ||    72
Invok: Berserk           |     2 |     3 |     7 ||    12
       Trog's Hand       |       |       |     2 ||     2
 Abil: Hop               |       |       |     1 ||     1
  Use: Scroll            |       |     8 |     2 ||    10
 Stab: Sleeping          |       |     1 |       ||     1
  Eat: Chunk             |     5 |    10 |     4 ||    19
       Ration            |       |     1 |     5 ||     6
Armor: Animal skin       |    34 |    17 |       ||    51
       Ring mail         |       |    18 |    24 ||    42
       Plate armour      |       |       |   108 ||   108
Dodge: Dodged            |    91 |   114 |   121 ||   326
       Rpst.: Falchion   |    27 |    44 |    29 ||   100
       Scimitar          |       |       |     6 ||     6
